 Dungeon Crawl Stone Soup version 0.22.0 (webtiles) character file.

23 Blackhawk the Skirmisher (level 3, -5/29 HPs)
             Began as a Formicid Abyssal Knight on Oct 26, 2018.
             Was a Follower of Lugonu.
             Slain by a centaur (6 damage)
             ... on level 2 of the Dungeon.
             The game lasted 00:04:15 (1191 turns).

Blackhawk the Skirmisher (Formicid Abyssal Knight)  Turns: 1191, Time: 00:04:15

Health: -5/29      AC:  3    Str: 17    XL:     3   Next: 12%
Magic:  4/4        EV: 11    Int: 11    God:    Lugonu [*.....]
Gold:   53         SH:  0    Dex: 10    Spells: 2/2 levels left

rFire    . . .     SeeInvis +   a - +1 mace
rCold    . . .     Gourm    .   (no shield)
rNeg     . . .     Faith    .   b - +0 leather armour
rPois    .         Spirit   .   (helmet unavailable)
rElec    .         Reflect  .   (no cloak)
rCorr    .         Harm     .   (no gloves)
MR       .....                  (no boots)
Stlth    +.........             (no amulet)
HPRegen  0.09/turn              (no ring)
MPRegen  0.09/turn              (no ring)

@: no status effects
A: permanent stasis, dig shafts and tunnels, four strong arms, antennae 3
a: Dig, Shaft Self, Depart the Abyss, Renounce Religion


You were on level 2 of the Dungeon.
You worshipped Lugonu.
Lugonu was aware of your devotion.
You were hungry.

You visited 1 branch of the dungeon, and saw 2 of its levels.
You visited the Abyss 1 time.

You collected 53 gold pieces.

Inventory:

Hand Weapons
 a - a +1 mace (weapon)
Missiles
 d - 38 stones (quivered)
Armour
 b - a +0 leather armour (worn)
Jewellery
 e - an uncursed ring of flight {unknown}
Scrolls
 f - 3 scrolls of remove curse {unknown}
 h - a scroll of blinking {unknown}
 i - a scroll of random uselessness {unknown}
Potions
 g - a potion of curing {unknown}
Comestibles
 c - 3 rations
 j - 2 chunks of flesh


   Skills:
 + Level 3.5 Fighting
 + Level 2.3 Maces & Flails
 + Level 2.5 Armour
 + Level 1.3 Dodging
 + Level 2.6 Invocations


You had 2 spell levels left.
You didn't know any spells.
Your spell library was empty.

Dungeon Overview and Level Annotations

Branches:
Dungeon (2/15)

Altars:


Innate Abilities, Weirdness & Mutations

You cannot be hasted, slowed, berserked, paralysed or teleported.
You can dig through walls and to a lower floor.
Your four strong arms can wield two-handed weapons with a shield.
You have a pair of large antennae on your head. (SInv)


Message History

The centaur hits you but does no damage.
The centaur hits you.
You hit the centaur but do no damage. The centaur barely misses you.
The centaur closely misses you.
You hit the centaur but do no damage. The centaur closely misses you.
The centaur barely misses you.
You hit the centaur but do no damage. The centaur barely misses you.
You closely miss the centaur. The centaur closely misses you.
The centaur barely misses you.
You closely miss the centaur. The centaur closely misses you.
The centaur hits you.
* * * LOW HITPOINT WARNING * * *
You hit the centaur but do no damage. The centaur hits you.
* * * LOW HITPOINT WARNING * * *
The centaur hits you but does no damage.
You barely miss the centaur. The centaur closely misses you.
The centaur hits you.
* * * LOW HITPOINT WARNING * * *
The centaur barely misses you. The centaur hits you.
You die...

#.# #.# #.#
#####.# ...#.#
#.#.# #...##
#..c.# #.@#.#
####.#
.......c.......
.######.#######
#.# #.# #.# #.#
#.#


You could see a centaur.

Vanquished Creatures
  3 dart slugs (D:1)
  A giant cockroach (D:2)
  2 goblins (D:1)
  3 jackals (D:1)
  A kobold (D:1)
  A quokka (D:1)
  A ball python (D:1)
  A bat (D:1)
  2 frilled lizards (D:1)
  2 rats (D:1)
17 creatures vanquished.

Notes
Turn   | Place    | Note
-------+----------+-------------------------------------------
     0 | Abyss:1  | Blackhawk the Formicid Abyssal Knight began the quest for the Orb.
     0 | Abyss:1  | Reached XP level 1. HP: 18/18 MP: 2/2
    75 | Abyss:1  | Noticed a chaos spawn
    76 | D:1      | Escaped the Abyss
   136 | D:1      | Reached skill level 1 in Dodging
   224 | D:1      | Reached XP level 2. HP: 20/24 MP: 3/3
   275 | D:1      | Reached * piety under Lugonu
   740 | D:1      | Reached XP level 3. HP: 25/29 MP: 4/4
   974 | D:2      | Noticed a centaur
  1190 | D:2      | HP: 1/29 [centaur (4)]
  1191 | D:2      | Slain by a centaur

Skill      XL: |  1 |
---------------+----+-----
Dodging        | 1 |  1.3
Fighting       | |  3.5
Maces & Flails | |  2.3
Armour         | |  2.5
Invocations    | |  2.6

Action                   || total
-------------------------++-------
Melee: Mace              ||    58
Invok: Depart the Abyss  ||     1
Armor: Leather armour    ||    13
Dodge: Dodged            ||    42
